 Dungeon Crawl Stone Soup version 0.23.0 (webtiles) character file.

Game seed: 17830683246759691859

928 Infinimo the Carver (level 7, -2/64 HPs)
             Began as a Minotaur Berserker on Feb 12, 2019.
             Was a Priest of Trog.
             Succumbed to a gnoll's poison
             ... on level 5 of the Dungeon.
             The game lasted 00:03:40 (4040 turns).

Infinimo the Carver (Minotaur Berserker)            Turns: 4040, Time: 00:03:40

Health: -2/64      AC: 10    Str: 23    XL:     7   Next: 85%
Magic:  6/6        EV: 10    Int:  4    God:    Trog [***...]
Gold:   226        SH:  0    Dex: 10    Spells: 6/6 levels left

rFire    . . .     SeeInvis .   a - +0 falchion
rCold    . . .     Gourm    .   (no shield)
rNeg     . . .     Faith    .   i - +0 scale mail
rPois    .         Spirit   .   (helmet restricted)
rElec    .         Reflect  .   p - +0 cloak
rCorr    .         Harm     .   (no gloves)
MR       .....                  g - +0 pair of boots (curse)
Stlth    ..........             (no amulet)
HPRegen  0.20/turn              (no ring)
MPRegen  0.10/turn              (no ring)

@: confused, lethally poisoned (-2 -> -43), berserk cooldown, slowed, very slow
A: retaliatory headbutt, horns 2
a: Berserk, Trog's Hand, Renounce Religion


You were on level 5 of the Dungeon.
You worshipped Trog.
Trog was most pleased with you.
You were near starving.

You visited 1 branch of the dungeon, and saw 5 of its levels.

You collected 226 gold pieces.

Inventory:

Hand Weapons
 a - a +0 falchion (weapon)
Armour
 g - a cursed +0 pair of boots (worn)
 i - a +0 scale mail (worn)
 p - a +0 cloak (worn)
Jewellery
 j - a +5 amulet of reflection {unknown}
 o - an uncursed ring of poison resistance {unknown}
 r - an uncursed amulet of the acrobat {unknown}
Scrolls
 b - 4 scrolls of enchant weapon {unknown}
 e - 6 scrolls of identify
 l - 5 scrolls of remove curse {unknown}
 m - 2 scrolls of fear {unknown}
 n - a scroll of noise {unknown}
 q - a scroll of blinking {unknown}
 s - 6 scrolls of immolation {unknown}
 u - 2 scrolls of amnesia {unknown}
 v - a scroll of random uselessness {unknown}
 w - a scroll of vulnerability {unknown}
Potions
 d - 4 potions of curing
 f - 3 potions of mutation {unknown}
 h - 5 potions of lignification
 k - 2 potions of cancellation {unknown}
 t - a potion of brilliance {unknown}
Comestibles
 c - 16 rations


   Skills:
 + Level 6.5 Fighting
 * Level 8.5 Long Blades
 + Level 5.8 Armour
 - Level 2.2 Dodging


You had 6 spell levels left.
You didn't know any spells.
Your spell library was empty.

Dungeon Overview and Level Annotations

Branches:
Dungeon (5/15)             Temple (0/1) D:5

Altars:
Ashenzari
Dithmenos
Ru
Sif Muna
Trog
Uskayaw
Yredelemnul
Zin

Annotations:
D:5 1 transporter, rumpelstilzz's ghost, novice TrAM


Innate Abilities, Weirdness & Mutations

You reflexively headbutt those who attack you in melee.
You have a pair of horns on your head.


Message History

* * * LOW HITPOINT WARNING * * *
You feel sick.
The gnoll hits you from afar with a +0 spear.
* * * LOW HITPOINT WARNING * * *
The gnoll zaps a wand.
You resist with some effort.
Unknown command.
Unknown command.
Unknown command.
You feel less confused.
You are no longer berserk.
You are exhausted.
You feel yourself slow down.
* * * LOW HITPOINT WARNING * * *
You feel very sick.
The gnoll zaps a wand.
Your will is overpowered!
You are confused.
Unknown command.
Unknown command.
The gnoll sergeant blocks your attack.
The gnoll sergeant is lightly wounded.
You die...

..##...≈≈#g.#8###8#g.#≈≈.<....#..
####...≈≈#..###.###..#≈≈.........
...##..≈≈#...........#≈≈...#.....
.......≈≈###.##'##.###≈≈...#.....
.##....≈≈..#.#...#.#..≈≈.........
#......≈≈.##.'...'.##.≈≈.........
#.....(≈≈.#g.#.g.#.©#.≈≈..(......
#......≈≈.##.##g##.##.≈≈........#
##.........#.#g.@#.#..≈≈.........
..........©#gWg©.g.#©.≈≈....##...
...........#.#8⌠8#.#..≈≈.........
.......≈≈.##=#####.##.≈≈.........
#......≈≈.#g. #..#.≈≈........#
###....≈≈.## #.##.≈≈.........
##...#.≈≈..#. #.#..≈≈.......##
##..##.≈≈###.##'##.###≈≈.#.......
.#.<...≈≈#.....g.....#≈≈........#


You could see a gnoll sergeant, a gnoll shaman, rumpelstilzz's ghost and 4
gnolls.

Vanquished Creatures
  An ogre (D:3)
  An eye of draining (D:5)
  2 centaurs (D:5)
  A bullfrog (D:3)
  A hound (D:4)
  An orc priest (D:5)
  An orc wizard (D:5)
  Ijyb (D:3)
  An iguana (D:4)
  3 worker ants
  Terence (D:3)
  A hound zombie (D:5)
  A hound skeleton (D:4)
  Robin (D:2)
  9 gnolls
  A howler monkey skeleton (D:4)
  5 adders
  A shadow imp (D:5)
  An ooze (D:5)
  4 worms
  A dart slug (D:1)
  3 leopard geckos
  4 orcs
  3 ball pythons
  4 bats
  2 giant cockroaches
  20 goblins
  8 hobgoblins
  6 jackals
  2 quokkas
  3 frilled lizards
  6 kobolds
  A leopard gecko skeleton (D:4)
  3 rats
104 creatures vanquished.

Vanquished Creatures (others)
  6 plants (D:5)
6 creatures vanquished.

Grand Total: 110 creatures vanquished

Notes
Turn   | Place    | Note
-------+----------+-------------------------------------------
     0 | D:1      | Infinimo the Minotaur Berserker began the quest for the
                  | Orb.
     0 | D:1      | Reached XP level 1. HP: 19/19 MP: 0/0
   458 | D:1      | Reached skill level 4 in Long Blades
   458 | D:1      | Reached XP level 2. HP: 27/27 MP: 1/1
  1222 | D:2      | Found a sacrificial altar of Ru.
  1363 | D:2      | Reached XP level 3. HP: 28/33 MP: 2/2
  1599 | D:2      | Noticed Robin
  1602 | D:2      | Reached ** piety under Trog
  1617 | D:2      | Killed Robin
  1816 | D:3      | Reached XP level 4. HP: 40/40 MP: 3/3
  1818 | D:3      | Reached skill level 5 in Long Blades
  1942 | D:3      | Noticed Ijyb
  1942 | D:3      | Noticed a bullfrog
  1942 | D:3      | Noticed an ogre
  1956 | D:3      | Killed a bullfrog
  1956 | D:3      | Reached XP level 5. HP: 47/47 MP: 4/4
  1959 | D:3      | Killed Ijyb
  1966 | D:3      | Killed an ogre
  1966 | D:3      | Reached skill level 5 in Fighting
  1966 | D:3      | Reached skill level 6 in Long Blades
  1966 | D:3      | Reached XP level 6. HP: 56/56 MP: 5/5
  2250 | D:3      | Found a shattered altar of Ashenzari.
  2256 | D:3      | Noticed Terence
  2267 | D:3      | Killed Terence
  2492 | D:4      | Found a hide-covered altar of Uskayaw.
  2559 | D:4      | Reached *** piety under Trog
  2559 | D:4      | Reached skill level 7 in Long Blades
  2880 | D:4      | Received a gift from Trog
  2914 | D:4      | Reached XP level 7. HP: 60/62 MP: 6/6
  2935 | D:4      | Found a basalt altar of Yredelemnul.
  2935 | D:4      | Found a glowing silver altar of Zin.
  3005 | D:4      | Reached skill level 5 in Armour
  3107 | D:4      | Found a deep blue altar of Sif Muna.
  3109 | D:4      | Found a shadowy altar of Dithmenos.
  3258 | D:5      | Entered Level 5 of the Dungeon
  3259 | D:5      | Found a transporter.
  3260 | D:5      | Identified the cursed +1 scale mail of Inoajuti {*Drain
                  | +Inv rC+}
  3310 | D:4      | Found a bloodstained altar of Trog.
  3585 | D:5      | Reached skill level 8 in Long Blades
  3635 | D:5      | Found a staircase to the Ecumenical Temple.
  3933 | D:5      | Found a transporter.
  3985 | D:5      | Identified the cursed ring of Heilavi {Str-4 Int+5}
  4019 | D:5      | Noticed rumpelstilzz's ghost (novice TrAM)
  4029 | D:5      | Paralysed by a gnoll for 7 turns
  4039 | D:5      | HP: 2/64 [poisoned by a gnoll]
  4040 | D:5      | Succumbed to a gnoll's poison

Skill      XL: |  1  2  3  4  5  6  7 |
---------------+----------------------+-----
Long Blades    | 4 5 6 7 8 |  8.5
Fighting       | 4 5 6 |  6.5
Armour         | 3 4 5 |  5.8
Dodging        | |  2.2

Action                   |  1- 3 |  4- 6 |  7- 9 || total
-------------------------+-------+-------+-------++-------
Melee: Falchion          |    81 |    98 |    53 ||   232
       Headbutt          |    13 |    19 |    15 ||    47
Invok: Berserk           |     1 |     4 |     2 ||     7
  Use: Scroll            |     3 |       |       ||     3
 Stab: Sleeping          |     2 |       |       ||     2
  Eat: Chunk             |     3 |     7 |     5 ||    15
Armor: Animal skin       |     5 |       |       ||     5
       Scale mail        |    19 |    37 |    37 ||    93
Dodge: Dodged            |    47 |    57 |    30 ||   134
       Rpst.: Falchion   |    13 |    14 |     6 ||    33
